 Dungeon Sprint DCSS version 0.28.0 (webtiles) character file.

Game seed: 15432981542752800228

1372 rocky1 the Martial Artist (level 8, -19/63 HPs)
             Began as an Octopode Transmuter on Feb 10, 2022.
             Was a High Priest of Okawaru.
             Demolished by a two-headed ogre (27 damage)
             ... in the Dungeon (Sprint IX: "|||||||||||||||||||||||||||||").
             The game lasted 00:03:32 (442 turns).

rocky1 the Martial Artist (Octopode Transmuter)      Turns: 442, Time: 00:03:33

Health: -19/63     AC:  3    Str: 11    XL:     8   Next: 66%
Magic:  11/18      EV: 17    Int: 16    God:    Okawaru [*****.]
Gold:   0          SH:  0    Dex: 15    Spells: 20/21 levels left

rFire   . . .      SeeInvis .     - Unarmed
rCold   . . .      Faith    .   (no shield)
rNeg    . . .      Spirit   .   (helmet restricted)
rPois   .          Reflect  .   (no amulet)
rElec   .          Harm     .   j - +3 ring of dexterity
rCorr   .          Rampage  .   k - +2 ring of protection
Will    .....      NoTele   +   (no ring)
Stlth   ++........              (no ring)
HPRegen 0.20/turn               (no ring)
MPRegen 0.16/turn               (no ring)
                                (no ring)
                                (no ring)

@: on berserk cooldown, slowed, very slow
A: almost no armour, amphibious, 8 rings, camouflage 1, gelatinous body 1,
(nimble swimmer 1), tentacles
a: Renounce Religion, Heroism, Finesse


You were in the Dungeon.
You worshipped Okawaru.
Okawaru was extremely pleased with you.
You visited 1 branch

Inventory:

Jewellery
 j - a +3 ring of dexterity (left tentacle)
 k - a +2 ring of protection (right tentacle)
Wands
 i - a wand of iceblast (10)
Scrolls
 f - 2 scrolls of blinking
 h - 2 scrolls of amnesia
Potions
 b - a potion of heal wounds
 c - a potion of haste
 d - 4 potions of magic
 g - 4 potions of curing


   Skills:
 + Level 9.0 Fighting
 + Level 9.2 Dodging
 + Level 9.5 Unarmed Combat
 + Level 7.2 Spellcasting
 + Level 7.9 Transmutations


You had 20 spell levels left.
You knew the following spells:

 Your Spells              Type           Power      Damage    Failure   Level
a - Beastly Appendage     Tmut           62%        N/A       1%          1

Your spell library contained the following spells:

 Spells                   Type           Power      Damage    Failure   Level
 Wereblood                Tmut           31%        N/A       1%          2
 Spider Form              Tmut/Pois      18%        N/A       7%          3
 Ice Form                 Ice/Tmut       18%        N/A       24%         4


Dungeon Overview and Level Annotations

Branches:
Dungeon (1/1)

Altars:
Cheibriados
Dithmenos
Elyvilon
Fedhas
Gozag
Hepliaklqana
Kikubaaqudgha
Makhleb
Nemelex Xobeh
Okawaru
Qazlal
Ru
Sif Muna
Trog
Uskayaw
Vehumet
Wu Jian
Xom
Yredelemnul
Zin
The Shining One
Beogh
Jiyva
Lugonu


Innate Abilities, Weirdness & Mutations

You cannot wear most types of armour.
You are amphibious.
You can wear up to eight rings at the same time.
Your skin changes colour to match your surroundings (Stealth+).
Your rubbery body absorbs attacks. (AC +1, EV +1)
((You are camouflaged when in or above water. (Stealth+)))
You have tentacles for arms and can constrict up to eight enemies at once.


Message History

The wraith is almost destroyed.
The wraith misses you.
You closely miss the wraith.
Your tentacle-slap misses the wraith.
The wraith is almost destroyed.
The wraith hits you. The wraith drains your vigour!
You feel as though you will be slow longer.
You closely miss the wraith. You squeeze the wraith.
You destroy the wraith!
Okawaru accepts your kill.
The two-headed ogre closely misses you. x2
Your Fighting skill increases to level 9!
Unknown command.
Unknown command.
You feel much better. The two-headed ogre misses you. x2
Unknown command.
You bludgeon the two-headed ogre!
You squeeze the two-headed ogre, but do no damage.
The two-headed ogre is lightly wounded.
You flicker for a moment.
The two-headed ogre misses you. x2
You tentacle-slap the two-headed ogre but do no damage.
You squeeze the two-headed ogre!
The two-headed ogre is moderately wounded.
The two-headed ogre hits you with a +0 giant spiked club.
The two-headed ogre barely misses you.
You tentacle-slap the two-headed ogre.
The two-headed ogre is heavily wounded.
The two-headed ogre hits you with a +0 giant spiked club!
The two-headed ogre hits you with a +0 giant club!!
* * * LOW HITPOINT WARNING * * *
You tentacle-slap the two-headed ogre. x2
The two-headed ogre is heavily wounded.
Unknown command.
You flicker back into view.
There is an open door to the Dungeon, spattered with blood here.
The two-headed ogre hits you with a +0 giant spiked club.
* * * LOW HITPOINT WARNING * * *
The two-headed ogre barely misses you. x2
The two-headed ogre hits you with a +0 giant club!!
You die...

▓+▓
▓.▓
▓.▓
▓Z▓
▓Z▓
▓O▓
▓@▓
▓'▓
▓.▓
▓.▓
▓[▓
▓[▓
▓[▓
▓.▓
▓)▓


You could see a two-headed ogre, a bat zombie and a quokka zombie.

Vanquished Creatures
  2 two-headed ogres (D)
  A wraith (D)
  A howler monkey (D)
  An iguana (D)
  2 orcs (D)
  2 endoplasms (D)
  A hobgoblin (D)
  2 ball pythons (D)
  A giant cockroach zombie (D)
13 creatures vanquished.

Notes
Turn   | Place    | Note
-------+----------+-------------------------------------------
     0 | D        | rocky1 the Octopode Transmuter began the quest for the Orb.
     0 | D        | Reached XP level 1. HP: 13/13 MP: 3/3
   138 | D        | Noticed a howler monkey
   138 | D        | Noticed an iguana
   143 | D        | Reached XP level 2. HP: 10/20 MP: 5/5
   154 | D        | Reached XP level 3. HP: 9/26 MP: 6/6
   157 | D        | Reached skill level 5 in Dodging
   157 | D        | Reached skill level 5 in Unarmed Combat
   157 | D        | Reached XP level 4. HP: 12/34 MP: 7/7
   358 | D        | Found a snail-covered altar of Cheibriados.
   358 | D        | Found a shadowy altar of Dithmenos.
   358 | D        | Found a white marble altar of Elyvilon.
   358 | D        | Found a blossoming altar of Fedhas.
   358 | D        | Found an opulent altar of Gozag.
   359 | D        | Found a hazy altar of Hepliaklqana.
   360 | D        | Found a viscous altar of Jiyva.
   361 | D        | Found an ancient bone altar of Kikubaaqudgha.
   362 | D        | Found a corrupted altar of Lugonu.
   363 | D        | Found a burning altar of Makhleb.
   368 | D        | Found a sparkling altar of Nemelex Xobeh.
   369 | D        | Found an iron altar of Okawaru.
   370 | D        | Found a stormy altar of Qazlal.
   371 | D        | Found a sacrificial altar of Ru.
   372 | D        | Found a shimmering blue altar of Sif Muna.
   373 | D        | Found a bloodstained altar of Trog.
   374 | D        | Found a hide-covered altar of Uskayaw.
   375 | D        | Found a radiant altar of Vehumet.
   376 | D        | Found an ornate altar of the Wu Jian Council.
   377 | D        | Became a worshipper of Warmaster Okawaru
   378 | D        | Found a shimmering altar of Xom.
   379 | D        | Found a basalt altar of Yredelemnul.
   380 | D        | Found a glowing silver altar of Zin.
   381 | D        | Found a glowing golden altar of the Shining One.
   407 | D        | Noticed a two-headed ogre
   407 | D        | Noticed a wraith
   407 | D        | Noticed a two-headed ogre
   407 | D        | Noticed a two-headed ogre
   419 | D        | Killed a two-headed ogre
   419 | D        | Reached * piety under Okawaru
   419 | D        | Reached ** piety under Okawaru
   419 | D        | Reached *** piety under Okawaru
   419 | D        | Reached **** piety under Okawaru
   420 | D        | Reached skill level 5 in Spellcasting
   420 | D        | Reached XP level 5. HP: 42/44 MP: 8/13
   420 | D        | Reached XP level 6. HP: 48/50 MP: 8/14
   420 | D        | Reached XP level 7. HP: 52/54 MP: 8/15
   425 | D        | Killed a two-headed ogre
   425 | D        | Reached ***** piety under Okawaru
   426 | D        | Reached XP level 8. HP: 40/63 MP: 8/18
   435 | D        | Killed a wraith
   442 | D        | Demolished by a two-headed ogre

Illustrated notes

Levels and vault maps discovered:
D:        linesprint [early_d, line_temple, items_1, d_10, items_2, lair_1,
          lair_end, items_3, orc_1, orc_end, items_4, d_15, swamp_1, shoals_1,
          snake_1, spider_1, d_20, vaults_1, items_5, swamp_end, shoals_end,
          snake_end, spider_end, vaults_end, d_27, items_6, zot_1, zot_end,
          crypt_end, forest_end, elf_end, slime_end, tomb_end, abyss_end,
          pan_hell_end]

Skill      XL: |  1  2  3  4  5  6  7  8 |
---------------+-------------------------+-----
Fighting       | 2 3 4 7 8 9 |  9.0
Dodging        | 4 5 8 9 |  9.2
Unarmed Combat | 4 5 8 9 |  9.5
Spellcasting   | 5 7 |  7.2
Transmutations | 6 7 |  7.9

Action                   |  1- 3 |  4- 6 |  7- 9 || total
-------------------------+-------+-------+-------++-------
Melee: Unarmed           |    29 |     7 |    19 ||    55
       Tentacles         |     5 |     1 |     8 ||    14
       Constrict         |     5 |       |       ||     5
       Kick              |       |     3 |       ||     3
       Punch             |       |       |     2 ||     2
 Cast: Beastly Appendage |       |     1 |       ||     1
  Use: Potion            |     1 |     3 |     1 ||     5
 Stab: Invisible         |       |     4 |     1 ||     5
       Sleeping          |       |     1 |       ||     1
Armor: Skin              |     1 |       |       ||     1
Dodge: Dodged            |    16 |     7 |    18 ||    41
